Map: Prion Terraces

Players

MightyKiwi - Winner!

  • Race: Zerg Zerg
  • League: Grandmaster

kamip

  • Race: Terran Terran

Event: NationWars III

VOD

Have the link to the VOD?

Description

Time

  • Played on: Nov. 22, 2015, 1:47 p.m.
  • Length: 4:52
Show
View Real Time Build Order
Export as new Build Order

MightyKiwi Zerg - Winner!

Build Orders: Hatch First 

Get SALT Encoding   

  12  0:01  Drone  
  13  0:09  Drone  
  14  0:18  Overlord  
  14  0:30  Drone x2, Extractor x2  
  16  0:37  Drone  
  17  0:54  Hatchery  
  16  0:57  Drone  
  16  1:03  Extractor  
  16  1:05  Drone  
  17  1:17  Spawning Pool  
  16  1:23  Drone  
  16  1:24  Drone  
  18  1:31  Drone  
  19  1:40  Overlord  
  19  1:51  Drone  
  20  2:04  Queen, Zergling x2  
  20  2:07  Queen  
  25  2:14  Metabolic Boost  
  25  2:18  Zergling x2  
  26  2:27  Roach Warren  
  25  2:35  Drone x3  
  25  2:36  Drone  
  29  2:38  Extractor  
  28  2:49  Overlord  
  28  3:13  Roach x3  
  28  3:16  Roach x3  
  28  3:17  Overlord  
  28  3:18  Zergling x2  
  28  3:19  Zergling x6  
  44  3:28  Overlord  
  43  3:39  Zergling x6  
  45  3:42  Zergling x2  
  45  3:47  Ravager  
  47  3:49  Zergling x2  
  49  3:55  Ravager  
  49  4:02  Zergling x12  
  54  4:28  Zergling x10  
Show
View Real Time Build Order
Export as new Build Order

kamip Terran 

Build Orders:  

Get SALT Encoding   

  12  0:01  SCV  
  13  0:13  SCV  
  14  0:18  Supply Depot  
  14  0:25  SCV  
  15  0:39  SCV  
  15  0:41  Barracks  
  16  0:45  Refinery  
  16  0:51  SCV  
  17  1:03  SCV  
  18  1:16  SCV  
  19  1:28  Orbital Command  
  19  1:29  Barracks Reactor  
  19  1:40  Command Center  
  19  1:49  Supply Depot  
  19  1:53  SCV  
  20  1:57  Refinery  
  20  2:05  Reaper  
  20  2:06  Reaper  
  20  2:08  SCV  
  23  2:17  Barracks  
  23  2:20  SCV  
  24  2:27  Barracks  
  24  2:33  SCV  
  25  2:37  Reaper  
  25  2:38  Reaper  
  27  2:45  SCV  
  28  2:52  Orbital Command  
  28  2:57  SCV  
  29  3:09  SCV, Barracks Tech Lab  
  30  3:14  Reaper x2  
  30  3:15  Marine  
  30  3:19  SCV  
  34  3:22  Supply Depot  
  34  3:32  Marine  
  34  3:33  Marauder  
  37  3:40  SCV  
  36  3:42  SCV  
  36  3:46  Supply Depot, Marine x2  
  39  3:50  Factory  
  39  3:52  SCV  
  39  3:54  SCV, Marine  
  42  4:00  Bunker  
  41  4:04  SCV  
  41  4:05  Supply Depot  
  41  4:06  Supply Depot  
  42  4:11  Marine x2  
  42  4:17  Bunker  
  42  4:20  Marine  
  42  4:21  Marine  
  43  4:26  SCV x2  
  43  4:28  Marine  
  43  4:30  Marine  
  37  4:37  Starport  
Tags
 
Add a new tag
Caveats
  • Supply blocks, unpowered buildings, or Contaminate may cause inaccurate times.
  • Supply counts are checked every 10 seconds.